Map: Deathaura LE

Players

Serral - Winner!

  • Race: Zerg Zerg
  • League: Master
  • Spawn Location: 11:00

MarineLorD

  • Race: Terran Terran
  • Spawn Location: 5:00

Event: DreamHack SC2 Masters 2020 Summer Europe

VOD

Have the link to the VOD?

Description

Time

  • Played on: June 27, 2020, 11:48 a.m.
  • Length: 18:33

All games in this series

Show
View Real Time Build Order
Export as new Build Order

Serral Zerg - Winner!

Build Orders: Hatch First 

Get SALT Encoding   

  12  0:00  Drone  
  13  0:13  Overlord  
  13  0:16  Drone  
  14  0:31  Drone x2  
  16  0:48  Hatchery  
  15  0:52  Drone  
  15  0:55  Drone  
  17  0:58  Drone  
  18  1:09  Extractor  
  17  1:15  Spawning Pool  
  17  1:17  Drone  
  17  1:21  Drone  
  18  1:28  Drone  
  19  1:39  Drone  
  20  1:49  Overlord  
  20  2:01  Queen x2  
  20  2:02  Zergling x4  
  26  2:11  Drone x2  
  26  2:15  Metabolic Boost  
  28  2:21  Drone  
  28  2:22  Drone  
  30  2:39  Hatchery  
  30  2:41  Drone  
  31  2:44  Drone  
  31  2:49  Queen  
  33  2:53  Overlord  
  33  2:57  Drone  
  34  2:59  Drone  
  34  3:01  Drone  
  34  3:05  Pneumatized Carapace  
  36  3:13  Drone x3  
  36  3:15  Drone  
  36  3:19  Overlord  
  40  3:21  Drone  
  40  3:23  Drone  
  42  3:28  Queen  
  44  3:38  Drone  
  44  3:39  Zergling x2  
  44  3:40  Drone  
  47  3:42  Drone  
  47  3:43  Drone  
  47  3:44  Drone  
  47  3:46  Overlord  
  47  3:47  Zergling x2  
  51  3:51  Queen  
  51  3:54  Drone  
  51  3:55  Drone  
  55  4:01  Zergling x2, Baneling Nest  
  55  4:02  Drone x2  
  57  4:03  Drone  
  57  4:07  Overlord  
  58  4:10  Drone  
  58  4:14  Queen  
  58  4:16  Overlord  
  61  4:17  Drone  
  61  4:18  Drone  
  61  4:21  Overlord  
  61  4:22  Drone  
  64  4:24  Overlord  
  64  4:27  Overlord  
  64  4:31  Lair  
  64  4:36  Zergling x4  
  66  4:39  Drone  
  66  4:40  Drone  
  66  4:42  Drone  
  69  4:46  Overlord  
  69  4:47  Extractor  
  69  4:48  Drone x5, Extractor  
  72  4:53  Drone  
  72  4:55  Drone  
  72  4:57  Drone  
  75  5:05  Drone  
  75  5:06  Drone x3  
  77  5:08  Drone  
  77  5:11  Hatchery  
  77  5:14  Drone x2  
  79  5:16  Drone x3  
  79  5:17  Extractor  
  81  5:22  Zergling x2  
  81  5:23  Zergling x4  
  81  5:25  Overlord  
  81  5:26  Drone x2  
  86  5:30  Evolution Chamber  
  86  5:31  Evolution Chamber, Centrifical Hooks  
  86  5:32  Extractor  
  86  5:34  Drone  
  86  5:35  Overlord  
  84  5:36  Zergling x2, Overseer  
  84  5:42  Zergling x2  
  86  5:47  Zergling x10  
  91  5:54  Zergling x6  
  91  5:55  Baneling x10  
  91  5:56  Hatchery  
  93  6:02  Zerg Ground Armor Level 1  
  93  6:06  Overlord  
  93  6:08  Zerg Melee Weapons Level 1  
  93  6:09  Drone x6  
  99  6:12  Overlord  
  99  6:19  Drone  
  99  6:22  Overlord  
  100  6:26  Zergling x16  
  100  6:29  Queen  
  100  6:30  Overlord  
  100  6:32  Zergling x4  
  111  6:36  Baneling x5  
  111  6:38  Zergling x6  
  114  6:45  Drone x3  
  117  6:48  Overseer, Drone x4  
  119  6:58  Zergling x6  
  122  7:03  Overlord  
  122  7:04  Drone  
  122  7:06  Zergling x10  
  126  7:11  Drone x3  
  126  7:14  Spore Crawler  
  128  7:16  Baneling  
  128  7:17  Baneling x4  
  128  7:22  Zergling x10  
  132  7:26  Zergling x8  
  135  7:32  Overlord  
  135  7:34  Hatchery, Zergling x2  
  135  7:35  Zergling x4  
  137  7:42  Overlord  
  137  7:44  Zergling x22  
  137  7:49  Baneling x4  
  148  7:52  Overlord  
  148  7:54  Overseer  
  148  7:56  Zergling x2  
  148  7:57  Zerg Ground Armor Level 2  
  149  8:02  Infestation Pit  
  149  8:05  Zerg Melee Weapons Level 2  
  148  8:06  Overlord x3  
  148  8:08  Zergling x16  
  148  8:12  Zergling x2, Baneling  
  156  8:13  Zergling x12  
  156  8:19  Zergling x2  
  159  8:20  Zergling x4  
  159  8:25  Baneling  
  159  8:26  Baneling x12  
  159  8:27  Zergling x12  
  159  8:30  Zergling x4  
  167  8:35  Zergling x10  
  167  8:38  Zergling x8  
  167  8:40  Hive  
  176  8:43  Zergling x2  
  176  8:48  Queen  
  179  8:49  Drone x3  
  179  8:51  Zergling x4  
  183  8:56  Overlord, Drone  
  183  8:57  Spore Crawler  
  183  9:03  Zergling x10  
  183  9:04  Baneling  
  183  9:05  Baneling x12  
  183  9:06  Overlord x2  
  183  9:07  Overlord  
  188  9:10  Baneling x16  
  188  9:14  Zergling x2  
  188  9:16  Overlord  
  189  9:17  Spore Crawler  
  189  9:18  Zergling x16  
  189  9:19  Zergling x2  
  189  9:23  Queen  
  194  9:26  Zergling x16  
  176  9:34  Zergling x10  
  176  9:35  Zergling x6  
  170  9:38  Baneling x2  
  170  9:39  Baneling x16  
  170  9:45  Zergling x12  
  174  9:56  Zergling x28  
  174  9:59  Baneling x5  
  186  10:02  Zergling x2  
  186  10:03  Zergling x6  
  186  10:04  Baneling x3  
  186  10:05  Baneling x8  
  184  10:10  Zergling x10  
  182  10:17  Zergling x6  
  153  10:21  Zergling x2  
  153  10:22  Zergling x14  
  150  10:28  Zerg Melee Weapons Level 3  
  150  10:29  Zerg Ground Armor Level 3  
  150  10:34  Zergling x14  
  157  10:45  Baneling x6  
  157  10:48  Drone x4, Extractor  
  157  10:49  Drone x2  
  162  10:53  Baneling x3  
  162  10:54  Zergling x10, Baneling  
  167  11:01  Hatchery  
  150  11:04  Zergling x18  
  150  11:05  Zergling x6  
  150  11:09  Adrenal Glands  
  159  11:14  Zergling x2  
  159  11:15  Zergling x6  
  160  11:19  Zergling x10  
  160  11:25  Zergling x18  
  167  11:27  Queen  
  167  11:31  Baneling x7  
  169  11:33  Zergling x4  
  169  11:38  Zergling x2  
  169  11:39  Zergling x12  
  178  11:44  Baneling x11  
  178  11:49  Zergling x14  
  185  11:56  Zergling x14  
  185  11:59  Baneling x4  
  185  12:00  Baneling x5  
  192  12:06  Zergling x14  
  192  12:10  Baneling x6  
  192  12:11  Baneling x7  
  192  12:12  Baneling  
  186  12:18  Zergling x14  
  188  12:26  Zergling x18  
  166  12:34  Zergling x12  
  166  12:35  Zergling x2  
  168  12:48  Zergling x4  
  168  12:53  Baneling x7  
  168  12:56  Overlord x6  
  168  13:01  Overlord x2  
  168  13:08  Spawning Pool, Overlord  
  168  13:09  Overlord  
  163  13:16  Zergling x18  
  172  13:23  Baneling x5  
  172  13:25  Zergling x16  
  175  13:31  Zergling x14  
  180  13:37  Baneling x2  
  180  13:38  Zergling x12  
  175  14:01  Zergling x38  
  176  14:09  Zergling x6  
  144  14:14  Zergling x6  
  144  14:16  Queen x6  
  143  14:24  Viper x3  
  143  14:28  Baneling x12  
  143  14:30  Zergling x4  
  151  14:36  Zergling x16  
  152  14:46  Zergling x12  
  157  14:55  Lair  
  157  14:56  Overseer  
  157  14:57  Zergling x10  
  157  14:59  Hatchery  
  150  15:09  Zergling x2  
  150  15:10  Zergling x10  
  150  15:13  Baneling x4  
  155  15:17  Baneling  
  155  15:18  Baneling x9  
  155  15:20  Zergling x10  
  158  15:27  Hatchery  
  157  15:30  Baneling x12  
  157  15:34  Zergling x26  
  168  15:44  Zergling x6  
  162  15:56  Zergling x2  
  162  15:57  Zergling x12  
  138  16:04  Hive  
  131  16:06  Drone x2  
  131  16:08  Zergling x20  
  131  16:09  Baneling  
  131  16:10  Baneling x6  
  141  16:13  Hatchery  
  120  16:20  Zergling x2  
  120  16:21  Zergling x12  
  120  16:24  Zergling x2  
  124  16:26  Queen  
  124  16:27  Queen  
  124  16:28  Zergling x4  
  124  16:31  Baneling x6  
  124  16:32  Baneling  
  132  16:34  Zergling x6  
  123  16:47  Zergling x20  
  128  16:56  Zergling x2  
  128  16:57  Zergling x16  
  135  17:04  Zergling x6  
  138  17:11  Zergling x4  
  138  17:14  Baneling x12  
  139  17:16  Hatchery  
  137  17:25  Zergling x20  
  133  17:34  Viper x2  
  139  17:37  Extractor  
  139  17:38  Drone x3  
  139  17:41  Zergling x8  
  145  17:47  Hatchery  
  145  17:48  Baneling x11  
  145  17:51  Zergling x4  
  145  17:54  Zergling x12  
  145  17:58  Zergling x6  
  154  18:07  Drone x3, Extractor  
  155  18:13  Zergling x10  
  155  18:16  Baneling x7  
Show
View Real Time Build Order
Export as new Build Order

MarineLorD Terran 

Build Orders: Reaper Expand 

Get SALT Encoding   

  12  0:00  SCV  
  13  0:12  SCV  
  14  0:16  Supply Depot  
  14  0:24  SCV  
  15  0:38  SCV, Barracks  
  16  0:42  Refinery  
  16  0:50  SCV  
  17  1:02  SCV  
  18  1:14  SCV  
  19  1:25  Reaper  
  20  1:26  Orbital Command  
  20  1:39  Command Center  
  20  1:47  Supply Depot  
  20  1:52  SCV  
  21  1:57  Marine  
  22  2:04  SCV  
  23  2:11  Factory  
  23  2:15  Marine  
  24  2:16  SCV  
  25  2:28  SCV  
  26  2:33  Barracks Reactor  
  26  2:40  SCV  
  27  2:49  Command Center  
  27  2:52  SCV  
  27  2:54  Orbital Command  
  28  3:01  Starport  
  28  3:04  SCV  
  29  3:16  SCV, Hellion x2  
  34  3:21  SCV  
  34  3:22  Refinery  
  34  3:23  Barracks Tech Lab  
  35  3:28  SCV  
  35  3:33  SCV  
  37  3:37  Viking  
  39  3:41  SCV  
  39  3:43  Marine  
  39  3:45  SCV  
  39  3:47  Hellion x2  
  46  4:01  SCV x2, Marine  
  46  4:02  Orbital Command  
  49  4:03  Stimpack  
  49  4:13  SCV x2  
  51  4:17  Starport Reactor  
  51  4:19  Marine  
  52  4:25  SCV x2  
  52  4:27  Barracks  
  52  4:29  SCV, Barracks  
  55  4:34  Factory Tech Lab  
  55  4:37  SCV x2, Marine  
  58  4:39  Supply Depot  
  58  4:44  Orbital Command  
  59  4:49  SCV x2  
  60  4:53  Engineering Bay x2, Refinery  
  60  4:54  Refinery  
  60  4:55  Marine  
  60  4:58  Supply Depot  
  61  5:01  SCV x2  
  62  5:07  Starport Reactor  
  62  5:09  Siege Tank  
  62  5:12  Marine  
  62  5:13  SCV  
  62  5:14  Supply Depot  
  67  5:17  Marine x2  
  67  5:20  SCV x2  
  71  5:24  Supply Depot  
  71  5:25  SCV  
  72  5:29  Terran Infantry Weapons Level 1  
  72  5:30  Terran Infantry Armor Level 1  
  72  5:35  Marine  
  72  5:36  Marine x4  
  72  5:40  SCV x2  
  72  5:41  Supply Depot  
  72  5:42  SCV  
  80  5:44  Missile Turret  
  80  5:47  Medivac  
  80  5:48  Medivac  
  80  5:49  Combat Shield  
  84  5:52  SCV x2  
  84  5:54  SCV  
  84  5:57  Missile Turret  
  87  6:00  Supply Depot  
  87  6:04  Supply Depot  
  87  6:06  SCV, Supply Depot  
  87  6:09  SCV, Marine  
  87  6:10  Marine x4  
  94  6:19  Supply Depot  
  94  6:21  Barracks  
  94  6:22  Barracks  
  94  6:25  Medivac x2  
  96  6:27  Marine x3  
  96  6:28  Marine  
  96  6:29  Marine  
  103  6:34  Armory, Siege Tank  
  103  6:35  SCV  
  103  6:36  SCV  
  108  6:45  Marine x4  
  108  6:47  Marine  
  113  6:55  Supply Depot  
  113  6:56  SCV x3  
  113  6:57  Supply Depot  
  116  7:02  Barracks  
  116  7:03  Marine x4, Barracks  
  116  7:04  Marine  
  116  7:05  Barracks  
  113  7:10  Medivac x2  
  113  7:13  Siege Tank  
  121  7:21  Marine x3  
  121  7:22  Marine x2  
  126  7:24  Barracks Reactor x2  
  124  7:35  Supply Depot, Terran Infantry Weapons Level 2  
  124  7:38  Terran Infantry Armor Level 2, Marine  
  124  7:39  Marine x2  
  124  7:43  Marine x2  
  129  7:51  Siege Tank  
  133  7:56  Marine x2  
  133  7:57  Marine  
  133  7:58  Barracks Reactor x2  
  135  8:00  Marine x2  
  135  8:01  Refinery  
  135  8:03  Supply Depot x2, Marine x2  
  135  8:04  Marine x2  
  135  8:05  Supply Depot, Marine  
  142  8:14  Marine x3  
  142  8:18  Marine x2  
  146  8:21  Marine x3  
  146  8:22  Marine x2  
  151  8:32  Marine x3  
  154  8:35  Marine x2  
  154  8:36  Marine x2  
  154  8:37  Marine x2  
  154  8:39  Marine x4  
  154  8:40  Marine  
  165  8:43  Siege Tank  
  165  8:44  Medivac  
  165  8:46  Medivac  
  172  8:50  Marine x3  
  172  8:53  Marine x2  
  172  8:54  Marine x2  
  172  8:55  Marine x2  
  181  9:08  Marine  
  181  9:12  Supply Depot x2  
  181  9:26  Marine x2  
  181  9:27  Marine  
  181  9:28  Marine x5  
  181  9:29  Marine  
  181  9:30  Marine x5, Siege Tank  
  165  9:44  Marine x2  
  165  9:45  Marine x3  
  168  9:46  Marine x3  
  168  9:47  Marine x2  
  168  9:48  Marine x4  
  175  9:57  Medivac x2  
  179  10:02  Marine x3, Siege Tank  
  179  10:03  Marine x3  
  179  10:04  Marine x2  
  179  10:05  Marine x4  
  179  10:06  Marine  
  191  10:07  Terran Infantry Weapons Level 3  
  191  10:10  Marine  
  189  10:20  Marine x3  
  158  10:21  Marine  
  158  10:25  Marine x3  
  145  10:30  Medivac x2, Marine  
  145  10:31  Marine x3  
  145  10:34  Marine, Siege Tank  
  145  10:35  Marine  
  157  10:37  Marine  
  157  10:40  Marine x3  
  161  10:46  Marine x4  
  161  10:48  Marine x3  
  161  10:49  Marine  
  169  10:53  Marine x2  
  169  10:54  Marine  
  172  10:57  Marine  
  172  10:58  Marine x2  
  172  11:04  Marine  
  162  11:05  Marine  
  162  11:06  Marine x3  
  162  11:07  Marine x2  
  162  11:08  Marine  
  162  11:11  Marine x2  
  169  11:12  Marine  
  169  11:16  Marine  
  169  11:17  Marine  
  172  11:20  Marine  
  167  11:26  Marine x5  
  167  11:28  Marine  
  167  11:30  Marine  
  167  11:31  Marine x3  
  167  11:32  Marine  
  178  11:34  Marine  
  178  11:35  Marine  
  178  11:37  Marine  
  181  11:43  Siege Tank  
  181  11:46  Marine  
  185  11:47  Marine x2  
  187  11:55  Marine x2  
  187  12:01  Marine x2  
  190  12:02  Marine  
  190  12:03  Marine x3  
  190  12:04  Marine x2  
  190  12:08  Marine  
  197  12:12  Marine  
  197  12:16  Marine x3  
  197  12:18  Marine  
  197  12:19  Marine  
  197  12:25  Marine  
  197  12:26  Marine x4  
  197  12:27  Marine x3  
  188  12:30  Marine  
  188  12:34  Marine x3  
  188  12:36  Marine x2  
  190  12:42  Medivac  
  190  12:43  Marine  
  190  12:44  Marine x5  
  195  12:45  Marine  
  197  12:58  Orbital Command  
  197  13:12  Terran Infantry Armor Level 3  
  197  13:16  Supply Depot  
  197  13:37  Marine x3  
  200  13:46  Marine  
  200  13:53  Marine  
  200  13:57  Marine x4  
  200  14:00  Marine  
  200  14:01  Marine x3  
  200  14:02  Marine  
  200  14:04  Marine  
  148  14:11  Marine x4  
  148  14:14  Marine  
  148  14:15  Marine x3, Siege Tank  
  153  14:17  Liberator x2  
  153  14:18  Marine  
  153  14:19  Marine x4  
  153  14:22  Marine  
  161  14:29  Marine x4  
  161  14:32  Marine x2  
  161  14:33  Marine x2  
  161  14:36  Marine  
  161  14:37  Marine x4  
  161  14:40  Marine  
  130  14:46  SCV, Marine  
  130  14:47  Marine x3  
  130  14:50  Marine x2  
  130  14:51  Marine x2  
  126  14:54  Marine x3  
  126  14:55  Marine x2  
  126  14:58  SCV  
  128  15:00  Liberator  
  128  15:02  Marine  
  128  15:04  Marine  
  128  15:06  Marine x3  
  136  15:09  Marine x2  
  136  15:10  SCV  
  139  15:19  Marine  
  140  15:21  Marine x3  
  140  15:22  Marine x3  
  140  15:23  Marine x2  
  140  15:24  Marine x3  
  140  15:27  Marine x2  
  153  15:30  Siege Tank  
  156  15:37  Marine  
  156  15:39  Marine x3  
  156  15:40  Marine x4  
  156  15:42  Marine x3  
  164  15:43  Marine  
  164  15:44  Marine  
  164  15:45  Marine  
  162  15:55  Marine  
  125  15:57  Marine x3  
  125  15:58  Marine x4  
  125  15:59  Marine  
  125  16:00  Marine x3  
  125  16:02  Siege Tank  
  125  16:03  Marine  
  121  16:05  Marine  
  122  16:13  Marine  
  122  16:15  Marine x3  
  111  16:19  Marine  
  111  16:22  Marine x2  
  111  16:24  Marine x2  
  112  16:29  Marine x4  
  112  16:30  Marine  
  112  16:32  Marine  
  116  16:38  Marine x2  
  116  16:39  Marine x2  
  101  16:48  Marine  
  101  16:50  Marine x3  
  101  16:51  Marine x2  
  101  16:52  Marine x2  
  109  16:57  Marine  
  109  17:00  Medivac  
  111  17:03  Medivac  
  111  17:04  Marine x2  
  111  17:06  Marine  
  116  17:14  Marine  
  116  17:15  Marine x2  
  118  17:16  Marine x2  
  118  17:20  Marine  
  122  17:24  Marine  
  122  17:27  Marine  
  114  17:30  Marine x2  
  114  17:34  Marine  
  114  17:36  Marine  
  112  17:40  Marine  
  112  17:42  Marine  
  114  17:45  Marine  
  115  17:51  Marine x2  
  115  17:53  Marine  
  115  17:56  Marine  
  119  18:04  Marine x2  
  121  18:06  Marine  
  121  18:08  Marine  
  121  18:10  Marine  
  124  18:14  Marine  
Tags
 
Add a new tag
Caveats
  • Supply blocks, unpowered buildings, or Contaminate may cause inaccurate times.
  • Supply counts are checked every 10 seconds.